 Dungeon Crawl Stone Soup version 0.31.0-11-ge490571c62 (webtiles) character file.

Game seed: 17798143949423279170

53 qw the Shooter (level 3, -4/20 HPs)
             Began as a Deep Elf Hunter on Feb 4, 2024.
             Slain by a gnoll
             ... wielding a +0 whip
              (6 damage)
             ... on level 2 of the Dungeon.
             The game lasted 00:00:39 (728 turns).

qw the Shooter (Deep Elf Hunter)                     Turns: 728, Time: 00:00:39

Health: -4/20      AC:  7    Str: 10    XL:     3   Next: 64%
Magic:  5/5        EV: 11    Int: 13    God:
Gold:   52         SH:  0    Dex: 18    Spells: 2/2 levels left

rFire   . . .        a - +0 shortbow
rCold   . . .        (shield currently unavailable)
rNeg    . . .        i - +0 ring mail
rPois   .            (no helmet)
rElec   .            (no cloak)
rCorr   .            (no gloves)
SInv    .            g - +1 pair of boots
Will    .....        (no amulet)
Stlth   +            (no ring)
HPRegen 0.23/turn    (no ring)
MPRegen 0.09/turn

%: no passive effects
@: no status effects
A: no striking features
a: no special abilities


You were on level 2 of the Dungeon.
You visited 1 branch of the dungeon, and saw 2 of its levels.

You collected 52 gold pieces.


   Skills:
 - Level 1.5 Fighting
 + Level 7.1 Ranged Weapons
 - Level 2.4 Dodging
 - Level 1.2 Stealth


You had 2 spell levels left.
You didn't know any spells.
Your spell library was empty.

Inventory:

Hand Weapons
 a - a +0 shortbow (weapon)
Armour
 g - a +1 pair of boots (worn)
 i - a +0 ring mail (worn)
Potions
 b - 2 potions of enlightenment {unknown}
 d - a potion of degeneration {unknown}
 e - a potion of brilliance {unknown}
 f - a potion of berserk rage {unknown}
 j - a potion of mutation {unknown}
 k - a potion of haste {unknown}

Dungeon Overview and Level Annotations

Branches:
Dungeon (2/15)

Altars:


Message History

The gnoll closely misses you.
You shoot an arrow. The arrow hits the gnoll.
The gnoll is heavily wounded.
You shoot an arrow. The arrow closely misses the gnoll.
The gnoll hits you with a +0 whip. The gnoll hits you with a +0 club.
The gnoll hits you but does no damage. The gnoll hits you with a +0 whip.
You shoot an arrow. The arrow hits the gnoll!
You kill the gnoll!
The gnoll barely misses you.
You shoot an arrow. The arrow hits the gnoll.
The gnoll is moderately wounded.
The gnoll closely misses you.
You shoot an arrow. The arrow barely misses the gnoll.
The gnoll hits you with a +0 club.
You shoot an arrow. The arrow barely misses the gnoll.
The gnoll hits you but does no damage. The gnoll hits you with a +0 club.
You shoot an arrow.
The arrow hits the gnoll but does no damage.
The gnoll is moderately wounded.
The gnoll closely misses you.
You shoot an arrow. The arrow hits the gnoll!
The gnoll is almost dead.
The gnoll hits you but does no damage.
You shoot an arrow. The arrow hits the gnoll!
You kill the gnoll!
The ball python misses you. x2
Your Ranged Weapons skill increases to level 7!
You shoot an arrow. The arrow hits the ball python!
You kill the ball python!
You shoot an arrow. The arrow closely misses the gnoll.
The gnoll hits you but does no damage.
The gnoll hits you from afar with a +0 halberd!
The gnoll misses you.
You shoot an arrow.
The arrow hits the gnoll but does no damage.
The gnoll misses you. The gnoll completely misses you.
You shoot an arrow.
The arrow hits the gnoll but does no damage.
The gnoll closely misses you. The gnoll hits you with a +0 whip.
You die...

.....#.###.#.##.######
####.#.....#.........#
#.###.#######.###.#
#.............#
########.#######.# ...
#.# #.# ### ### #.#
#.# #@# #..$)gg.....
....^.#.##.<###
#.......# ## #.... ..#
#.......# .... ..:#
#.......#


You could see 2 gnolls.

Vanquished Creatures
  2 gnolls (D:2)
  A dart slug (D:1)
  5 ball pythons
  3 endoplasms
  4 hobgoblins (D:1)
  A quokka (D:1)
  4 bats (D:1)
  3 frilled lizards (D:1)
  3 goblins
  2 kobolds (D:1)
  4 rats (D:1)
32 creatures vanquished.

Notes
Turn   | Place    | Note
-------+----------+-------------------------------------------
     0 | D:1      | qw the Deep Elf Hunter began the quest for the Orb.
     0 | D:1      | Reached XP level 1. HP: 12/12 MP: 3/3
     0 | D:1      | 0 ||| qw: Version: 0.3-a-160-g5e54788
     0 | D:1      | 0 ||| qw: Game counter: 4297
     0 | D:1      | 0 ||| qw: Melee chars always use a shield: true
     0 | D:1      | 0 ||| qw: God list: Okawaru
     0 | D:1      | 0 ||| qw: Allow faded altars: false
     0 | D:1      | 0 ||| qw: Do Orc after clearing Dungeon:15 true
     0 | D:1      | 0 ||| qw: Do second Lair branch before Depths: true
     0 | D:1      | 0 ||| qw: Lair rune preference: random
     0 | D:1      | 0 ||| qw: Goals: Normal
     0 | D:1      | 0 ||| PLANNING D:1-11
    75 | D:1      | HP: 3/12 [kobold/+0 short sword (3)]
   116 | D:1      | Found a faded altar of an unknown god.
   179 | D:1      | Reached XP level 2. HP: 16/16 MP: 4/4
   182 | D:1      | Reached skill level 6 in Ranged Weapons
   451 | D:1      | 451 ||| UPGRADING to +1 pair of boots.
   456 | D:1      | 456 ||| UPGRADING to +0 ring mail.
   466 | D:1      | 466 ||| DROPPING +0 leather armour.
   467 | D:1      | 467 ||| READING scroll labelled WOQ AQIENANT.
   468 | D:1      | 468 ||| READING scroll labelled ESUCAE CEAS.
   569 | D:1      | 569 ||| DROPPING scroll of butterflies.
   594 | D:2      | Reached XP level 3. HP: 20/20 MP: 5/5
   621 | D:2      | 621 ||| FLEEEEING.
   622 | D:2      | 622 ||| STAIRDANCE
   725 | D:2      | Reached skill level 7 in Ranged Weapons
   726 | D:2      | HP: 2/20 [gnoll/+0 halberd (8)]
   728 | D:2      | Slain by a gnoll

Levels and vault maps discovered:
D:1:      dpeg_arrival_simpleton_c, layout_rooms, basic_ecumenical_altar
D:2:      layout_loops_ring, uniq_crazy_yiuf_cottage, uniq_robin

Skill      XL: |  1  2  3 |
---------------+----------+-----
Ranged Weapons | 6 7 |  7.1
Fighting       | |  1.5
Dodging        | |  2.4
Stealth        | |  1.2

Action                     || total
---------------------------++-------
   Fire: Shortbow          ||    98
    Use: Scroll            ||     2
 Armour: Leather armour    ||    14
         Ring mail         ||    13
  Dodge: Dodged            ||    20

Table legend:
 A = Non-vault XP
 B = Vault XP
 C = Vault XP percentage of total XP
 D = Non-vault monster count
 E = Vault monster count
 F = Vault count percentage of total count
                 A         B        C        D         E       F
            +---------+---------+-------+---------+---------+-------
      Total |      77 |       0 |   0.0 |      32 |       0 |   0.0
            +---------+---------+-------+---------+---------+-------
        D:1 |      38 |       0 |   0.0 |      24 |       0 |   0.0
        D:2 |      39 |       0 |   0.0 |       8 |       0 |   0.0
            +---------+---------+-------+---------+---------+-------
